Map: Ice and Chrome LE

Players

MeomaikA - Winner!

  • Race: Zerg Zerg
  • League: Grandmaster
  • Spawn Location: 7:00

RiSky

  • Race: Zerg Zerg
  • Spawn Location: 1:00

Event: DreamHack SC2 Masters 2020 Fall

VOD

Have the link to the VOD?

Description

Time

  • Played on: Aug. 27, 2020, 5:12 a.m.
  • Length: 10:10

All games in this series

Show
View Real Time Build Order
Export as new Build Order

MeomaikA Zerg - Winner!

Build Orders: Pool First 

Get SALT Encoding   

  12  0:00  Drone  
  13  0:08  Drone  
  14  0:16  Overlord  
  14  0:25  Drone, Extractor  
  15  0:34  Drone x2  
  17  0:40  Extractor  
  16  0:46  Spawning Pool  
  16  0:48  Drone  
  16  0:54  Drone  
  17  1:05  Drone  
  18  1:20  Hatchery  
  17  1:32  Zergling x4  
  19  1:39  Metabolic Boost  
  19  1:43  Queen  
  21  1:50  Overlord  
  21  1:53  Zergling x2  
  22  2:08  Zergling x2  
  23  2:11  Zergling x2  
  24  2:19  Queen  
  24  2:20  Zergling x2  
  27  2:31  Zergling x2  
  27  2:32  Zergling x2  
  29  2:43  Zergling x4  
  31  2:50  Zergling x2  
  31  2:51  Zergling x4  
  34  2:53  Zergling x2  
  34  2:54  Zergling x2  
  36  3:07  Overlord  
  36  3:09  Overlord  
  36  3:19  Drone  
  36  3:25  Queen  
  36  3:26  Zergling x4  
  40  3:27  Zergling x2  
  40  3:29  Zergling x2  
  40  3:30  Zergling x6  
  40  3:32  Zergling x2  
  37  3:37  Zergling x2  
  37  3:40  Drone  
  35  3:42  Drone  
  36  3:50  Drone x2  
  37  3:59  Queen  
  37  4:00  Zergling x2  
  40  4:04  Drone  
  41  4:13  Drone  
  41  4:14  Drone  
  41  4:15  Drone  
  45  4:17  Drone x2  
  45  4:21  Drone  
  45  4:23  Drone  
  47  4:25  Drone  
  47  4:26  Drone  
  47  4:30  Drone  
  49  4:34  Overlord  
  49  4:35  Drone  
  50  4:41  Roach Warren  
  49  4:46  Zergling x4  
  49  4:47  Zergling x2  
  49  4:51  Zergling x6  
  50  4:55  Zergling x4  
  50  4:59  Zergling x4  
  54  5:09  Queen x2  
  49  5:30  Roach x4  
  49  5:31  Roach x2  
  60  5:36  Overlord  
  60  5:40  Overlord  
  60  5:41  Overlord  
  59  5:49  Zergling x4  
  52  5:50  Zergling x4  
  52  5:51  Zergling x4  
  52  5:52  Zergling x2  
  52  5:53  Zergling x2  
  58  6:03  Zergling x2  
  57  6:05  Zergling x2  
  57  6:08  Ravager  
  57  6:11  Ravager, Zergling x4  
  49  6:12  Zergling x2  
  49  6:13  Zergling x2  
  49  6:16  Zergling x2  
  53  6:24  Zergling x2  
  52  6:27  Zergling x2  
  51  6:35  Zergling x2  
  51  6:39  Zergling x2  
  52  6:45  Zergling x2  
  52  6:46  Zergling x2  
  54  6:47  Zergling x2  
  54  6:53  Zergling x4  
  54  6:54  Zergling x2  
  53  6:55  Zergling x2  
  53  6:56  Queen, Zergling x2  
  53  7:00  Zergling x2  
  49  7:03  Roach  
  43  7:11  Roach  
  43  7:15  Zergling x2  
  43  7:16  Roach x2  
  43  7:17  Roach  
  43  7:19  Roach  
  48  7:24  Roach  
  48  7:29  Roach  
  52  7:32  Roach  
  54  7:37  Roach  
  54  7:41  Roach  
  59  7:44  Zergling x2  
  59  7:45  Zergling x2  
  59  7:48  Zergling x2  
  59  7:51  Zergling x2  
  57  7:54  Zergling x2  
  57  7:58  Zergling x2  
  59  8:01  Drone  
  59  8:02  Drone  
  61  8:05  Zergling x2  
  61  8:09  Zergling x4  
  63  8:13  Zergling x2  
  63  8:15  Zergling x2  
  63  8:18  Zergling x2  
  61  8:21  Zergling x2  
  61  8:24  Zergling x2  
  63  8:27  Zergling x2  
  63  8:28  Zergling x2  
  63  8:30  Zergling x2  
  66  8:35  Zergling x4  
  66  8:40  Ravager x2  
  64  8:42  Zergling x2  
  64  8:43  Zergling x2  
  64  8:46  Zergling x2  
  64  8:48  Zergling x2  
  68  8:51  Zergling x2  
  68  8:53  Zergling x2  
  70  9:00  Zergling x4  
  70  9:01  Zergling x2  
  71  9:06  Zergling x2  
  71  9:07  Zergling x2  
  59  9:17  Zergling x2  
  59  9:19  Zergling x6  
  59  9:20  Zergling x2  
  59  9:22  Zergling x2  
  65  9:25  Zergling x2  
  65  9:28  Zergling x2  
  66  9:32  Zergling x2  
  66  9:33  Zergling x2  
  67  9:40  Zergling x2  
  67  9:43  Zergling x2  
  69  9:47  Zergling x2  
  69  9:51  Zergling x2  
Show
View Real Time Build Order
Export as new Build Order

RiSky Zerg 

Build Orders: Hatch First 

Get SALT Encoding   

  12  0:00  Drone  
  13  0:12  Overlord  
  13  0:17  Drone  
  14  0:30  Drone x2  
  16  0:48  Hatchery  
  15  0:50  Drone  
  15  0:55  Drone  
  17  1:09  Spawning Pool  
  16  1:11  Drone  
  16  1:14  Drone  
  16  1:17  Extractor  
  17  1:21  Drone  
  18  1:28  Drone  
  19  1:41  Drone  
  20  1:49  Overlord  
  20  1:57  Queen  
  20  1:59  Queen  
  20  2:00  Zergling x4  
  26  2:12  Drone x2  
  28  2:22  Drone  
  29  2:23  Metabolic Boost, Zergling x2  
  30  2:32  Drone  
  30  2:33  Overlord  
  31  2:48  Drone, Baneling Nest  
  31  2:52  Drone  
  31  2:57  Queen, Zergling x4  
  35  3:06  Zergling x8  
  35  3:09  Zergling x2  
  35  3:10  Zergling x4  
  35  3:12  Zergling x2  
  41  3:18  Zergling x2  
  41  3:31  Zergling x6  
  32  3:44  Baneling x2  
  32  3:47  Drone  
  34  3:48  Drone  
  34  3:55  Zergling x4  
  36  3:59  Baneling x2  
  36  4:07  Hatchery  
  35  4:13  Drone x2  
  35  4:15  Drone  
  38  4:19  Drone  
  38  4:24  Zergling x2  
  39  4:28  Zergling x4  
  39  4:31  Zergling x2  
  42  4:35  Zergling x4  
  42  4:37  Baneling  
  43  4:38  Baneling  
  43  4:43  Overlord  
  43  4:52  Zergling x2  
  44  5:00  Baneling  
  44  5:01  Baneling  
  44  5:03  Zergling x2  
  44  5:04  Zergling x12  
  50  5:08  Baneling x3  
  50  5:10  Zergling x2  
  50  5:16  Zergling x2  
  50  5:18  Baneling  
  50  5:19  Zergling x4  
  50  5:20  Zergling x2  
  53  5:25  Zergling x2  
  53  5:26  Zergling x4  
  49  5:33  Zergling x6  
  48  5:36  Zergling x2  
  48  5:39  Baneling x2  
  48  5:45  Zergling x6  
  48  5:49  Zergling x4  
  49  5:53  Zergling x2  
  49  5:58  Zergling x6  
  47  6:07  Zergling x8  
  47  6:11  Zergling x2  
  47  6:16  Drone x2  
  48  6:20  Zergling x4  
  48  6:24  Zergling x4  
  52  6:26  Baneling  
  52  6:29  Baneling x3  
  50  6:37  Zergling x8  
  54  6:42  Zergling x4  
  54  6:45  Zergling x2  
  57  6:53  Zergling x8  
  51  7:04  Zergling x2  
  46  7:11  Drone  
  46  7:18  Drone  
  46  7:21  Drone  
  42  7:24  Drone  
  42  7:26  Drone  
  42  7:27  Drone  
  45  7:30  Baneling x3  
  45  7:33  Drone  
  45  7:35  Drone  
  47  7:38  Drone  
  47  7:39  Drone  
  47  7:42  Drone  
  50  7:45  Drone  
  50  7:47  Drone  
  50  7:48  Drone  
  50  7:50  Drone  
  52  8:03  Zergling x6  
  55  8:06  Queen  
  55  8:10  Overlord  
  55  8:11  Queen  
  57  8:17  Zergling x2  
  57  8:18  Baneling x2  
  57  8:22  Zergling x2  
  57  8:25  Spine Crawler  
  57  8:26  Zergling x2  
  58  8:30  Zergling x6  
  58  8:32  Baneling  
  61  8:37  Zergling x6  
  56  8:44  Zergling x4  
  56  8:46  Queen x2  
  56  8:48  Zergling x2  
  61  8:49  Spine Crawler  
  61  8:54  Zergling x2  
  61  8:55  Zergling x2  
  62  9:00  Zergling x2  
  57  9:05  Zergling x2  
  57  9:06  Zergling x2  
  50  9:10  Zergling x2  
  50  9:16  Zergling x8  
  52  9:20  Zergling x2  
  49  9:24  Zergling x8  
  49  9:30  Zergling x2  
  48  9:33  Zergling x2  
  49  9:39  Zergling x4  
  49  9:43  Zergling x2  
  52  9:47  Zergling x2  

Tags
 
Add a new tag
Caveats
  • Supply blocks, unpowered buildings, or Contaminate may cause inaccurate times.
  • Supply counts are checked every 10 seconds.